 Dungeon Crawl Stone Soup version 0.26-a0-599-gc8f6553 (webtiles) character file.

Game seed: 12793646891843809714

228 silenth the Cudgeler (level 5, 0/48 HPs)
             Began as a Minotaur Fighter on Aug 29, 2020.
             Slain by an orc (3 damage)
             ... on level 3 of the Dungeon.
             The game lasted 00:02:23 (1725 turns).

silenth the Cudgeler (Minotaur Fighter)             Turns: 1725, Time: 00:02:23

Health: 0/48       AC:  6    Str: 22    XL:     5   Next: 71%
Magic:  4/4        EV:  5    Int:  5    God:
Gold:   146        SH: 16    Dex:  9    Spells: 4/4 levels left

rFire    . . .     SeeInvis .   a - +0 flail
rCold    . . .     Faith    .   p - +2 tower shield
rNeg     + . .     Spirit   .   b - +0 scale mail
rPois    +         Reflect  .   (helmet restricted)
rElec    .         Harm     .   (no cloak)
rCorr    .                      (no gloves)
MR       .....                  (no boots)
Stlth    ..........             e - amulet of magic regeneration
HPRegen  0.16/turn              f - ring of poison resistance
MPRegen  0.34/turn              k - ring of positive energy

@: mighty, berserk cooldown, very slightly contaminated, slowed, invisible, very
slow
A: retaliatory headbutt, horns 2
a: no special abilities


You were on level 3 of the Dungeon.
You visited 1 branch of the dungeon, and saw 3 of its levels.

You collected 146 gold pieces.

Inventory:

Hand Weapons
 a - a +0 flail (weapon)
Missiles
 o - 13 poisoned darts (quivered)
Armour
 b - a +0 scale mail (worn)
 c - a +0 kite shield
 p - a +2 tower shield (worn)
Jewellery
 e - an amulet of magic regeneration (around neck)
 f - a ring of poison resistance (left hand)
 k - a ring of positive energy (right hand)
 m - a cursed -4 ring of slaying {unknown}
Wands
 s - a wand of paralysis (9)
Scrolls
 i - 4 scrolls of remove curse {unknown}
 j - 2 scrolls of teleportation {unknown}
 l - a scroll of fear {unknown}
 n - a scroll of magic mapping {unknown}
 q - a scroll of enchant weapon {unknown}
 r - a scroll of blinking {unknown}


   Skills:
 + Level 5.4 Fighting
 * Level 6.1 Maces & Flails
 - Level 3.6 Armour
 - Level 3.6 Shields


You had 4 spell levels left.
You didn't know any spells.
Your spell library was empty.

Dungeon Overview and Level Annotations

Branches:
Dungeon (3/15)

Altars:


Innate Abilities, Weirdness & Mutations

You reflexively headbutt those who attack you in melee.
You have a pair of horns on your head.


Message History

Something tries to affect you, but you resist.
The orc hits you.
* * * LOW HITPOINT WARNING * * *
You feel very mighty all of a sudden. Something hits you but does no damage.
The orc hits you but does no damage. Something hits you but does no damage.
You block the orc's attack.
You sock something!
Reactivating autopickup.
Your Maces & Flails skill increases to level 6!
You feel a bit more experienced. You block the orc's attack.
Unknown command.
You block the orc's attack.
Things that are here:
a +0 dagger; a cursed +0 robe; an orc corpse Your shield prevents you from hitting the orc.
Your headbutt misses the orc. You block the orc's attack. x2
You block the orc's attack.
There is an open door here.
The orc hits you.
You die...

.# #.......# .#######
#.......#.# ........
#.........# .##....#
#......#..# .#
...#.#.######..# .#
..#.#'#...# ..# .##
.#.......# ..# ..#
#.......##..# . ''▒▒▒▒
#.......o@..###...
..≈≈≈▒▒#.###..r###.......
..≈≈≈≈▒▒. +...)r††...#.
..≈≈≈≈≈▒▒ #...###..#.#
..≈≈≈≈≈≈▒ ###......# #
..≈≈≈≈≈≈≈ #........
..≈≈≈≈≈≈≈ #...o....#
..≈≈≈≈≈≈≈ ....w....#
.[8≈≈≈≈≈≈ ###......#


You could see a river rat and an orc.

Vanquished Creatures
  A hound (D:3)
  An orc priest (D:3)
  2 orc wizards (D:3)
  4 adders
  A river rat (D:3)
  3 worms
  A dart slug (D:2)
  2 leopard geckos
  3 orcs (D:3)
  7 bats
  3 giant cockroaches
  5 goblins
  7 hobgoblins
  4 jackals (D:2)
  4 kobolds
  6 frilled lizards
  5 rats
59 creatures vanquished.

Notes
Turn   | Place    | Note
-------+----------+-------------------------------------------
     0 | D:1      | silenth the Minotaur Fighter began the quest for the Orb.
     0 | D:1      | Reached XP level 1. HP: 19/19 MP: 0/0
   350 | D:1      | Reached skill level 3 in Maces & Flails
   447 | D:1      | Reached XP level 2. HP: 27/27 MP: 1/1
   729 | D:2      | Reached skill level 4 in Fighting
   762 | D:2      | Reached XP level 3. HP: 19/33 MP: 2/2
  1040 | D:2      | Reached skill level 4 in Maces & Flails
  1416 | D:2      | Reached XP level 4. HP: 28/41 MP: 3/3
  1614 | D:3      | Reached skill level 5 in Maces & Flails
  1629 | D:3      | Reached skill level 5 in Fighting
  1629 | D:3      | Reached XP level 5. HP: 16/48 MP: 4/4
  1716 | D:3      | HP: 4/48 [something (2)]
  1718 | D:3      | HP: 1/48 [orc (3)]
  1720 | D:3      | Reached skill level 6 in Maces & Flails
  1725 | D:3      | Slain by an orc

Illustrated notes

Levels and vault maps discovered:
D:1:      grunt_arrival_lava_bath, layout_loops_ring
D:2:      layout_loops_cross
D:3:      kennysheep_big_flooded_room, layout_basic,
          nicolae_overflow_hidden_temple, lightli_sewer_entry_pipes,
          uniq_crazy_yiuf_cottage

Skill      XL: |  1  2  3  4  5 |
---------------+----------------+-----
Maces & Flails | 3 4 5 6 |  6.1
Fighting       | 4 5 |  5.4
Armour         | |  3.6
Shields        | |  3.6

Action                   |  1- 3 |  4- 6 || total
-------------------------+-------+-------++-------
Melee: Flail             |   116 |    65 ||   181
       Headbutt          |    16 |     4 ||    20
  Use: Scroll            |       |     2 ||     2
       Potion            |       |     3 ||     3
Armor: Scale mail        |    56 |    35 ||    91
Dodge: Dodged            |    25 |    16 ||    41
Block: Kite shield       |    37 |       ||    37
       Tower shield      |    66 |    63 ||   129

Table legend: (Time is in decaauts)
 A = Elapsed time spent in this place.
 B = Non-inter-level travel time spent in this place.
 C = Inter-level travel time spent in this place.
 D = Time resting spent in this place.
 E = Time spent auto-exploring this place.
 F = Levels seen in this place.
 G = Mean time per level.
                   A        B        C        D        E       F      G
               +--------+--------+--------+--------+--------+-----+--------+
         Total |   1784 |   1773 |     11 |    133 |   1174 |   3 |  594.7 |
       Dungeon |   1784 |   1773 |     11 |    133 |   1174 |   3 |  594.7 |
               +--------+--------+--------+--------+--------+-----+--------+

Top non-repeatable levels by time:
     D:2: 858 daAuts
     D:1: 706 daAuts
     D:3: 220 daAuts
